 Dungeon Crawl Stone Soup version 0.22-a0-351-g29664b4 (webtiles) character file.

10798 vishdafish the Spear-Bearer (level 11, -1/87 HPs)
             Began as a Demonspawn Skald on Apr 12, 2018.
             Was a Believer of Vehumet.
             Killed from afar by a gargoyle (15 damage)
             ... with a stone arrow
             ... on level 11 of the Dungeon.
             The game lasted 00:33:43 (14896 turns).

vishdafish the Spear-Bearer (Demonspawn Skald)     Turns: 14896, Time: 00:33:43

Health: -1/87      AC:  7    Str: 16    XL:     11   Next: 40%
Magic:  18/18      EV: 17    Int: 19    God:    Vehumet [**....]
Gold:   829        SH:  0    Dex: 12    Spells: 11/20 levels left

rFire    + . .     SeeInvis +   I - +1 war axe (elec)
rCold    . . .     Gourm    .   (no shield)
rNeg     . . .     Faith    .   z - +2 leather armour {rF+}
rPois    +         Spirit   .   (helmet unavailable)
rElec    .         Reflect  .   (no cloak)
rCorr    .         Harm     .   r - +1 pair of gloves
MR       .....                  (no boots)
Stlth    +.........             (no amulet)
HPRegen  0.24/turn              L - +3 ring of slaying
MPRegen  0.16/turn              f - ring of poison resistance

@: mighty, singing
A: antennae 3, repulsion field 1, powered by death 3, rot immunity
a: Renounce Religion


You were on level 11 of the Dungeon.
You worshipped Vehumet.
Vehumet was pleased with you.
You were hungry.

You visited 3 branches of the dungeon, and saw 13 of its levels.
You also visited: Ossuary.

You collected 829 gold pieces.

Inventory:

Hand Weapons
 a - a +0 spear
 D - a +0 glaive of venom
 E - a +0 trident
 I - a +1 war axe of electrocution (weapon)
 K - the +5 great sword of Saltpetre {freeze, rN+}
   (You found it on level 7 of the Dungeon)

   It has been specially enchanted to freeze those struck by it, causing extra
   injury to most foes and up to half again as much damage against particularly
   susceptible opponents.
   It can also slow down cold-blooded creatures.
   It protects you from negative energy.
Missiles
 k - 39 sling bullets
 M - a throwing net (quivered)
 R - 3 curare-tipped needles
Armour
 b - a +0 leather armour
 e - a +0 ring mail
 r - a +1 pair of gloves (worn)
 z - a +2 leather armour of fire resistance (worn)
 A - a +0 leather armour of cold resistance
 C - a +1 leather armour of magic resistance
 Q - a +2 chain mail of cold resistance
Magical Staves
 p - an uncursed staff of conjuration
Jewellery
 f - a ring of poison resistance (right hand)
 H - a -2 ring of dexterity
 L - a +3 ring of slaying (left hand)
Wands
 c - a wand of flame (43)
 l - a wand of random effects (51)
 s - a wand of acid (1)
 J - a wand of paralysis (5)
 P - a wand of polymorph (8)
Scrolls
 h - 8 scrolls of teleportation
 i - 3 scrolls of noise
 j - 3 scrolls of remove curse
 m - a scroll of fear
 o - a scroll of immolation
 q - 2 scrolls of enchant armour
 t - 5 scrolls of identify
 u - 2 scrolls of amnesia
 v - a scroll of magic mapping {unknown}
 x - a scroll of random uselessness {unknown}
 y - 2 scrolls of blinking {unknown}
 N - a scroll of fog {unknown}
Potions
 g - 3 potions of degeneration
 n - 3 potions of haste
 w - a potion of lignification {unknown}
 B - a potion of berserk rage {unknown}
 F - a potion of flight {unknown}
 G - a potion of might
 O - 2 potions of agility {unknown}
 T - a potion of brilliance {unknown}
Miscellaneous
 S - a lamp of fire
Comestibles
 d - 15 rations


   Skills:
 - Level 8.3 Fighting
 * Level 10.7 Polearms
 - Level 3.0 Armour
 + Level 6.7 Dodging
 - Level 5.0 Spellcasting
 + Level 1.7 Conjurations
 - Level 5.4 Charms
 - Level 3.1 Translocations


You had 11 spell levels left.
You knew the following spells:

 Your Spells              Type           Power        Failure   Level  Hunger
a - Infusion              Chrm           ####         1%          1    None
b - Song of Slaying       Chrm           ####....     2%          2    #......
c - Shroud of Golubria    Chrm/Tloc      ###.......   3%          2    #......
d - Iskenderun's Mystic   Conj           ##......     56%         4    ####...


Dungeon Overview and Level Annotations

Branches:
Dungeon (11/15)            Temple (1/1) D:4            Lair (1/6) D:9
    Orc: D:9-12

Altars:
Ashenzari
Cheibriados
Dithmenos
Elyvilon
Fedhas
Gozag
Hepliaklqana
Kikubaaqudgha
Makhleb
Nemelex Xobeh
Okawaru
Qazlal
Ru
Sif Muna
Trog
Uskayaw
Vehumet
Wu Jian
Xom
Yredelemnul
Zin
The Shining One

Shops:
D:9 :

Annotations:
D:10 Snorg


Innate Abilities, Weirdness & Mutations

You have a pair of large antennae on your head. (SInv)
You are surrounded by a mild repulsion field. (EV +2)
You regenerate a lot of health from kills.
You are immune to rotting.


Message History

You feel your power returning.
The crimson imp disappears in a puff of smoke!
The soul eater disappears in a puff of smoke!
The smoke demon disappears in a puff of smoke!
The iron imp disappears in a puff of smoke!
You completely miss the gargoyle. The gargoyle closely misses you.
You slash the gargoyle!
The gargoyle is heavily damaged.
The gargoyle hits you but does no damage.
The kobold throws a stone.
The stone hits you but does no damage.
You slash the gargoyle!
The gargoyle is almost destroyed.
The gargoyle hurls a stone arrow at you.
The stone arrow hits you!
* * * LOW HITPOINT WARNING * * *
The kobold throws a stone.
The stone misses you.
The kobold throws a stone.
The stone closely misses you.
The gargoyle hurls a stone arrow at you.
The stone arrow hits you!
You die...

#.# #.# #.# #######
#.# #.....# #K#
#..†.<# #.# #.....#
#)# #>#
#.....#######@#.(..#
#............†9#
#######..........+
#................#
#..............(.#
#................#
#.......##########
#.......# #.......#


You could see a gargoyle and a kobold.

Vanquished Creatures
  A centaur warrior (D:10)
  A two-headed ogre (D:8)
  An unseen horror (D:10)
  A black mamba (Lair:1)
  A kobold demonologist (D:11)
  2 trolls
  Grinder (D:6)
  A hippogriff (D:8)
  3 wyverns
  A hungry ghost (D:10)
  3 porcupines
  2 water moccasins (Lair:1)
  A hornet zombie (D:10)
  5 ice beasts
  4 orc warriors
  3 black bears
  7 sky beasts
  8 ogres
  A phantom (D:6)
  3 centaurs
  4 crocodiles
  A big kobold (D:10)
  10 bullfrogs
  A wyvern zombie (D:9)
  A gnoll sergeant (D:9)
  7 scorpions
  7 wights
  4 crimson imps
  A centaur zombie (Ossuary)
  8 hounds
  A centaur skeleton (D:4)
  4 jellies
  2 bullfrog skeletons
  11 orc priests
  13 orc wizards
  9 worker ants
  3 big kobold zombies (Ossuary)
  A hound zombie (D:5)
  2 mummies (Ossuary)
  A hound skeleton (D:10)
  10 adders
  5 gnolls (D:9)
  2 shadow imps
  An ooze (D:5)
  An adder skeleton (D:8)
  2 adder zombies (D:6)
  5 worms
  2 dart slugs (D:1)
  4 leopard geckos
  63 orcs
  2 giant cockroaches
  7 goblins
  6 hobgoblins
  11 jackals
  12 kobolds
  4 quokkas
  8 bats
  3 frilled lizards
  5 gnoll zombies (Ossuary)
  2 goblin zombies (Ossuary)
  3 hobgoblin zombies (Ossuary)
  A leopard gecko zombie (D:5)
  5 rats
  A butterfly (D:7)
  5 fungi (D:9)
  2 plants (D:9)
313 creatures vanquished.

Vanquished Creatures (others)
  12 fungi
  6 plants
  4 toadstools (D:1)
22 creatures vanquished.

Grand Total: 335 creatures vanquished

Notes
Turn   | Place    | Note
-------+----------+-------------------------------------------
     0 | D:1      | vishdafish the Demonspawn Skald began the quest for the Orb.
     0 | D:1      | Reached XP level 1. HP: 16/16 MP: 3/3
   414 | D:1      | Reached skill level 1 in Armour
   414 | D:1      | Gained mutation: You regenerate a little health from kills. [demonic ancestry]
   414 | D:1      | Reached XP level 2. HP: 22/22 MP: 5/5
   624 | D:1      | Reached skill level 2 in Polearms
   780 | D:2      | Reached XP level 3. HP: 26/27 MP: 1/6
  1340 | D:2      | Gained mutation: You have a pair of small antennae on your head. [demonic ancestry]
  1340 | D:2      | Reached XP level 4. HP: 25/34 MP: 7/7
  1620 | D:2      | Found a shadowy altar of Dithmenos.
  1620 | D:2      | Found a bloodstained altar of Trog.
  2099 | D:3      | Found a hazy altar of Hepliaklqana.
  3234 | D:4      | Reached XP level 5. HP: 29/40 MP: 6/9
  4004 | D:4      | Found a staircase to the Ecumenical Temple.
  4026 | D:4      | Reached skill level 3 in Polearms
  4026 | D:4      | Gained mutation: You have a pair of antennae on your head. [demonic ancestry]
  4026 | D:4      | Reached XP level 6. HP: 14/47 MP: 5/10
  4319 | Temple   | Entered the Ecumenical Temple
  4718 | D:4      | Found a basalt altar of Yredelemnul.
  4755 | D:4      | Reached skill level 4 in Polearms
  5109 | D:4      | Gained mutation: You regenerate health from kills. [demonic ancestry]
  5109 | D:4      | Reached XP level 7. HP: 9/54 MP: 3/11
  5588 | D:5      | Entered Level 5 of the Dungeon
  5755 | D:5      | Found a sand-covered staircase.
  5774 | Ossuary  | Entered an ossuary
  5809 | Ossuary  | HP: 2/55 [mummy (18)]
  5951 | Ossuary  | Learned a level 2 spell: Song of Slaying
  5954 | Ossuary  | Learned a level 2 spell: Shroud of Golubria
  6388 | D:5      | Reached skill level 5 in Polearms
  6441 | D:4      | Reached skill level 1 in Translocations
  6569 | D:5      | Found a sacrificial altar of Ru.
  6637 | D:5      | Gained mutation: You are immune to rotting. [demonic ancestry]
  6637 | D:5      | Reached XP level 8. HP: 46/61 MP: 12/12
  7618 | D:5      | Reached skill level 5 in Fighting
  8072 | D:5      | Reached skill level 6 in Polearms
  8738 | D:6      | Reached skill level 5 in Dodging
  8860 | D:6      | Gained mutation: You regenerate a lot of health from kills. [demonic ancestry]
  8860 | D:6      | Reached XP level 9. HP: 56/68 MP: 13/13
  8947 | D:6      | Found a stormy altar of Qazlal.
  9213 | D:6      | Reached skill level 7 in Polearms
  9307 | D:6      | Noticed Grinder
  9349 | D:6      | Killed Grinder
  9864 | D:7      | Found a sparkling altar of Nemelex Xobeh.
  9865 | D:7      | Paralysed by an orc for 4 turns
  9899 | D:7      | Reached skill level 8 in Polearms
 10210 | D:7      | Found an iron altar of Okawaru.
 10292 | D:7      | Got a bloodstained great sword
 10293 | D:7      | Identified the +5 great sword of Saltpetre {freeze, rN+} (You found it on level 7 of the Dungeon)
 10511 | D:8      | Reached skill level 5 in Charms
 10636 | D:8      | Found a shattered altar of Ashenzari.
 10695 | D:8      | Noticed a two-headed ogre
 10705 | D:8      | Killed a two-headed ogre
 10705 | D:8      | Gained mutation: You are surrounded by a mild repulsion field. (EV +2) [demonic ancestry]
 10705 | D:8      | Reached XP level 10. HP: 33/77 MP: 7/14
 11193 | D:9      | Found Ihil's Book Shop.
 11233 | D:9      | Found a shimmering altar of Xom.
 11233 | D:9      | Found a shimmering altar of Xom.
 11238 | D:9      | Found a shimmering altar of Xom.
 11239 | D:9      | Found a shimmering altar of Xom.
 11239 | D:9      | Found a shimmering altar of Xom.
 11240 | D:9      | Found a shimmering altar of Xom.
 11240 | D:9      | Found a shimmering altar of Xom.
 11240 | D:9      | Found a shimmering altar of Xom.
 11241 | D:9      | Found a shimmering altar of Xom.
 11418 | D:9      | Found a radiant altar of Vehumet.
 11421 | D:9      | Became a worshipper of Vehumet
 11459 | D:9      | Reached skill level 9 in Polearms
 11498 | D:9      | Found an ornate altar of the Wu Jian Council.
 11533 | D:9      | Found a staircase to the Lair.
 11991 | D:9      | Reached * piety under Vehumet
 11991 | D:9      | Offered knowledge of Shock by Vehumet.
 12307 | D:9      | Learned a level 4 spell: Iskenderun's Mystic Blast
 12308 | D:10     | Entered Level 10 of the Dungeon
 12894 | D:10     | Noticed Snorg
 12941 | Lair:1   | Entered Level 1 of the Lair of Beasts
 12954 | Lair:1   | Noticed a black mamba
 12957 | Lair:1   | Killed a black mamba
 13010 | Lair:1   | Noticed a spiny frog
 13434 | D:10     | Gained mutation: You have a pair of large antennae on your head. (SInv) [demonic ancestry]
 13434 | D:10     | Reached XP level 11. HP: 68/86 MP: 17/17
 13484 | D:10     | Noticed an unseen horror
 13492 | D:10     | Reached skill level 10 in Polearms
 13613 | D:10     | Noticed a centaur warrior
 13621 | D:10     | Killed a centaur warrior
 13885 | D:10     | Identified the Handbook of Destructive Air
 14117 | D:10     | Killed an unseen horror
 14117 | D:10     | Reached skill level 5 in Spellcasting
 14167 | D:10     | Reached ** piety under Vehumet
 14167 | D:10     | Reached skill level 1 in Conjurations
 14169 | D:10     | Offered knowledge of Freeze by Vehumet.
 14883 | D:11     | Noticed a soul eater
 14896 | D:11     | Killed from afar by a gargoyle

Vault maps used:
D:1:      ldierk_water_garden, minmay_misc_feat_hallway, item_on_display_a
D:2:      gammafunk_temple_overflow_elements
D:3:      nicolae_overflow_hidden_temple
D:4:      black_bear_nest_1, nicolae_overflow_crystal_walls,
          minmay_temple_entry_butterflies, st_stairs_4
D:5:      overflow_temple_1_default, nicolae_ossuary_entry_plus, first_ration
D:6:      lemuel_doored_altar, uniq_grinder
D:7:      lemuel_crystal_altar, grunt_ministairs_3,
          nemelex_xobeh_ov_fountains_minmay
D:8:      nicolae_ashenzari_panopticon, grunt_ogre_cave
D:9:      lemuel_coloured_pillars_altar, kennysheep_mini,
          due_lair_maze_entry_diamond, serial_shops, kennysheep_mini_moat,
          serial_co_window_serial, co_window_paths_b, co_window_paths_b,
          co_window_paths_b, co_window_corner_a, co_window_corner_a,
          co_window_paths_b, co_window_paths_a, co_window_broadway_b,
          co_window_2corner, xom_shifter_show
D:10:     nzn_random_ring, uniq_snorg
D:11:     minmay_curly_fans, zombieorc2_lemuel, minmay_variable_closet
Temple:   minmay_temple_bridge_abc
Lair:1:   st_stairs_6, serial_bayou_crossing
Ossuary:  minmay_ossuary_gauntlet

Skill      XL: |  1  2  3  4  5  6  7  8  9 10 11 |
---------------+----------------------------------+-----
Armour         | 1 3 |  3.0
Charms         | 3 5 |  5.4
Polearms       | 2 3 4 5 6 8 9 10 | 10.7
Dodging        | 2 3 4 5 6 |  6.7
Fighting       | 3 4 5 6 8 |  8.3
Spellcasting   | 3 4 5 |  5.0
Translocations | 1 3 |  3.1
Conjurations   | 1 |  1.7

Action                   |  1- 3 |  4- 6 |  7- 9 | 10-12 || total
-------------------------+-------+-------+-------+-------++-------
Melee: Spear             |   118 |   297 |   541 |       ||   956
       Trident           |       |       |   153 |       ||   153
       War axe           |       |       |   192 |   304 ||   496
Throw: Throwing net      |       |       |       |     1 ||     1
 Cast: Infusion          |     6 |    18 |    24 |     5 ||    53
       Shroud of Golubri |       |       |    12 |    17 ||    29
       Song of Slaying   |       |       |     7 |    11 ||    18
Evoke: Wand              |       |     3 |     4 |    21 ||    28
  Use: Scroll            |     2 |     7 |       |     1 ||    10
       Potion            |       |     3 |     5 |     3 ||    11
 Stab: Sleeping          |       |     1 |       |       ||     1
       Invisible         |       |       |     2 |       ||     2
       Paralysed         |       |       |       |     4 ||     4
  Eat: Chunk             |       |     7 |    14 |    11 ||    32
       Ration            |       |     2 |     2 |     1 ||     5
Armor: Ring mail         |    24 |       |       |       ||    24
       Leather armour    |     1 |    70 |   241 |    74 ||   386
Dodge: Dodged            |    62 |   133 |   524 |   268 ||   987

Table legend:
 A = Spawn XP
 B = Non-spawn XP
 C = Spawn XP percentage of total XP
 D = Spawn monster count
 E = Non-spawn monster count
 F = Spawn count percentage of total count
 G = Total turns spent on level
                    A         B        C        D         E        F      G
               +---------+---------+-------+---------+---------+-------+---------
         Total |       0 |   15426 |   0.0 |       0 |     305 |   0.0 | 14896
               +---------+---------+-------+---------+---------+-------+---------
           D:1 |       0 |      34 |   0.0 |       0 |      18 |   0.0 |   727
           D:2 |       0 |      85 |   0.0 |       0 |      14 |   0.0 |  1123
           D:3 |       0 |      89 |   0.0 |       0 |      23 |   0.0 |  1969
           D:4 |       0 |     726 |   0.0 |       0 |      23 |   0.0 |  1724
           D:5 |       0 |    1391 |   0.0 |       0 |      51 |   0.0 |  2363
           D:6 |       0 |    2007 |   0.0 |       0 |      43 |   0.0 |  1078
           D:7 |       0 |     391 |   0.0 |       0 |      16 |   0.0 |   679
           D:8 |       0 |    1985 |   0.0 |       0 |      13 |   0.0 |   626
           D:9 |       0 |    2565 |   0.0 |       0 |      33 |   0.0 |  1689
          D:10 |       0 |    4720 |   0.0 |       0 |      48 |   0.0 |  1909
          D:11 |       0 |     511 |   0.0 |       0 |       4 |   0.0 |   101
        Lair:1 |       0 |     744 |   0.0 |       0 |       3 |   0.0 |    83
       Ossuary |       0 |     178 |   0.0 |       0 |      16 |   0.0 |   603
               +---------+---------+-------+---------+---------+-------+---------
